Workbook

Sheet Investissements
A1: Simulation de réduction Pinel par année
A2: Suivi indicatif d'investissements existants : renseignez les cellules jaune pâle et vérifiez les paramètres applicables à votre dossier.
A3: ID investissement | B3: Investisseur | C3: SCI / propriétaire | D3: SIRET | E3: Adresse du logement | F3: Ville | G3: Date d'acquisition | H3: Date d'achèvement | I3: Prix d'acquisition | J3: Frais de notaire | K3: Base éligible Pinel | L3: Surface habitable (m²) | M3: Zone Pinel | N3: Durée d'engagement | O3: Taux global | P3: Réduction totale théorique | Q3: Réduction annuelle standard | R3: Première année d'imputation | S3: Dernière année d'imputation | T3: Loyer mensuel hors charges | U3: Réduction mensuelle simulée | V3: Statut
A4: PIN-2026-001 | B4: Camille Durand | C4: SCI Durand Immobilier | D4: 81234567800016 | E4: 8 avenue Victor Hugo | F4: Paris 16e | G4: 46040 | H4: 46280 | I4: 318000 | J4: 24400 | K4: =IF(OR($A4="",$I4="",$L4=""),"",MIN($I4,'Paramètres'!$D$2,$L4*'Paramètres'!$D$3)) | L4: 52 | M4: A bis | N4: 12 | O4: =IF($A4="","",IFERROR(VLOOKUP($N4,'Paramètres'!$A$2:$B$4,2,FALSE),0)) | P4: =IF(OR($A4="",$K4="",$O4=""),"",$K4*$O4) | Q4: =IF(OR($A4="",$P4="",$N4=""),"",IFERROR($P4/$N4,0)) | S4: =IF(OR($A4="",$R4="",$N4=""),"",$R4+$N4-1) | U4: =IF(OR($A4="",$Q4=""),"",IFERROR($Q4/12,0)) | V4: =IF($A4="","",IF($N4=12,"Engagement 12 ans",IF($N4=9,"Engagement 9 ans","Engagement 6 ans")))
A5: PIN-2026-002 | B5: Julien Moreau | C5: SCI Moreau Patrimoine | D5: 82345678900011 | E5: 12 rue de la République | F5: Lyon 2e | G5: 46063 | H5: 46315 | I5: 278000 | J5: 21300 | K5: =IF(OR($A5="",$I5="",$L5=""),"",MIN($I5,'Paramètres'!$D$2,$L5*'Paramètres'!$D$3)) | L5: 61 | M5: A | N5: 9 | O5: =IF($A5="","",IFERROR(VLOOKUP($N5,'Paramètres'!$A$2:$B$4,2,FALSE),0)) | P5: =IF(OR($A5="",$K5="",$O5=""),"",$K5*$O5) | Q5: =IF(OR($A5="",$P5="",$N5=""),"",IFERROR($P5/$N5,0)) | S5: =IF(OR($A5="",$R5="",$N5=""),"",$R5+$N5-1) | U5: =IF(OR($A5="",$Q5=""),"",IFERROR($Q5/12,0)) | V5: =IF($A5="","",IF($N5=12,"Engagement 12 ans",IF($N5=9,"Engagement 9 ans","Engagement 6 ans")))
A6: PIN-2026-003 | B6: Sophie Lefèvre | C6: Sophie Lefèvre | E6: 24 cours Gambetta | F6: Bordeaux | G6: 46050 | H6: 46264 | I6: 245000 | J6: 18800 | K6: =IF(OR($A6="",$I6="",$L6=""),"",MIN($I6,'Paramètres'!$D$2,$L6*'Paramètres'!$D$3)) | L6: 55 | M6: B1 | N6: 9 | O6: =IF($A6="","",IFERROR(VLOOKUP($N6,'Paramètres'!$A$2:$B$4,2,FALSE),0)) | P6: =IF(OR($A6="",$K6="",$O6=""),"",$K6*$O6) | Q6: =IF(OR($A6="",$P6="",$N6=""),"",IFERROR($P6/$N6,0)) | S6: =IF(OR($A6="",$R6="",$N6=""),"",$R6+$N6-1) | U6: =IF(OR($A6="",$Q6=""),"",IFERROR($Q6/12,0)) | V6: =IF($A6="","",IF($N6=12,"Engagement 12 ans",IF($N6=9,"Engagement 9 ans","Engagement 6 ans")))
A7: PIN-2026-004 | B7: Thomas Bernard | C7: Thomas Bernard | E7: 5 rue des Lilas | F7: Nantes | G7: 46086 | H7: 46338 | I7: 214000 | J7: 16500 | K7: =IF(OR($A7="",$I7="",$L7=""),"",MIN($I7,'Paramètres'!$D$2,$L7*'Paramètres'!$D$3)) | L7: 48 | M7: B1 | N7: 6 | O7: =IF($A7="","",IFERROR(VLOOKUP($N7,'Paramètres'!$A$2:$B$4,2,FALSE),0)) | P7: =IF(OR($A7="",$K7="",$O7=""),"",$K7*$O7) | Q7: =IF(OR($A7="",$P7="",$N7=""),"",IFERROR($P7/$N7,0)) | S7: =IF(OR($A7="",$R7="",$N7=""),"",$R7+$N7-1) | U7: =IF(OR($A7="",$Q7=""),"",IFERROR($Q7/12,0)) | V7: =IF($A7="","",IF($N7=12,"Engagement 12 ans",IF($N7=9,"Engagement 9 ans","Engagement 6 ans")))
A8: PIN-2026-005 | B8: Léa Martin | C8: SCI Martin Investissement | D8: 83456789000019 | E8: 17 rue d'Alsace-Lorraine | F8: Toulouse | G8: 46075 | H8: 46361 | I8: 262000 | J8: 20100 | K8: =IF(OR($A8="",$I8="",$L8=""),"",MIN($I8,'Paramètres'!$D$2,$L8*'Paramètres'!$D$3)) | L8: 64 | M8: B1 | N8: 12 | O8: =IF($A8="","",IFERROR(VLOOKUP($N8,'Paramètres'!$A$2:$B$4,2,FALSE),0)) | P8: =IF(OR($A8="",$K8="",$O8=""),"",$K8*$O8) | Q8: =IF(OR($A8="",$P8="",$N8=""),"",IFERROR($P8/$N8,0)) | S8: =IF(OR($A8="",$R8="",$N8=""),"",$R8+$N8-1) | U8: =IF(OR($A8="",$Q8=""),"",IFERROR($Q8/12,0)) | V8: =IF($A8="","",IF($N8=12,"Engagement 12 ans",IF($N8=9,"Engagement 9 ans","Engagement 6 ans")))
A9: PIN-2026-006 | B9: Nicolas Petit | C9: Nicolas Petit | E9: 9 boulevard de la Liberté | F9: Lille | G9: 46034 | H9: 46293 | I9: 230000 | J9: 17700 | K9: =IF(OR($A9="",$I9="",$L9=""),"",MIN($I9,'Paramètres'!$D$2,$L9*'Paramètres'!$D$3)) | L9: 58 | M9: B1 | N9: 9 | O9: =IF($A9="","",IFERROR(VLOOKUP($N9,'Paramètres'!$A$2:$B$4,2,FALSE),0)) | P9: =IF(OR($A9="",$K9="",$O9=""),"",$K9*$O9) | Q9: =IF(OR($A9="",$P9="",$N9=""),"",IFERROR($P9/$N9,0)) | S9: =IF(OR($A9="",$R9="",$N9=""),"",$R9+$N9-1) | U9: =IF(OR($A9="",$Q9=""),"",IFERROR($Q9/12,0)) | V9: =IF($A9="","",IF($N9=12,"Engagement 12 ans",IF($N9=9,"Engagement 9 ans","Engagement 6 ans")))
A10: PIN-2026-007 | B10: Émilie Rousseau | C10: SCI Rousseau Habitat | D10: 84567890100014 | E10: 6 rue Foch | F10: Montpellier | G10: 46095 | H10: 46303 | I10: 198000 | J10: 15200 | K10: =IF(OR($A10="",$I10="",$L10=""),"",MIN($I10,'Paramètres'!$D$2,$L10*'Paramètres'!$D$3)) | L10: 43 | M10: B1 | N10: 6 | O10: =IF($A10="","",IFERROR(VLOOKUP($N10,'Paramètres'!$A$2:$B$4,2,FALSE),0)) | P10: =IF(OR($A10="",$K10="",$O10=""),"",$K10*$O10) | Q10: =IF(OR($A10="",$P10="",$N10=""),"",IFERROR($P10/$N10,0)) | S10: =IF(OR($A10="",$R10="",$N10=""),"",$R10+$N10-1) | U10: =IF(OR($A10="",$Q10=""),"",IFERROR($Q10/12,0)) | V10: =IF($A10="","",IF($N10=12,"Engagement 12 ans",IF($N10=9,"Engagement 9 ans","Engagement 6 ans")))
A11: PIN-2026-008 | B11: Antoine Garcia | C11: Antoine Garcia | E11: 14 rue Saint-Hélier | F11: Rennes | G11: 46056 | H11: 46351 | I11: 185000 | J11: 14200 | K11: =IF(OR($A11="",$I11="",$L11=""),"",MIN($I11,'Paramètres'!$D$2,$L11*'Paramètres'!$D$3)) | L11: 38 | M11: B1 | N11: 12 | O11: =IF($A11="","",IFERROR(VLOOKUP($N11,'Paramètres'!$A$2:$B$4,2,FALSE),0)) | P11: =IF(OR($A11="",$K11="",$O11=""),"",$K11*$O11) | Q11: =IF(OR($A11="",$P11="",$N11=""),"",IFERROR($P11/$N11,0)) | S11: =IF(OR($A11="",$R11="",$N11=""),"",$R11+$N11-1) | U11: =IF(OR($A11="",$Q11=""),"",IFERROR($Q11/12,0)) | V11: =IF($A11="","",IF($N11=12,"Engagement 12 ans",IF($N11=9,"Engagement 9 ans","Engagement 6 ans")))
K12: =IF(OR($A12="",$I12="",$L12=""),"",MIN($I12,'Paramètres'!$D$2,$L12*'Paramètres'!$D$3)) | O12: =IF($A12="","",IFERROR(VLOOKUP($N12,'Paramètres'!$A$2:$B$4,2,FALSE),0)) | P12: =IF(OR($A12="",$K12="",$O12=""),"",$K12*$O12) | Q12: =IF(OR($A12="",$P12="",$N12=""),"",IFERROR($P12/$N12,0)) | S12: =IF(OR($A12="",$R12="",$N12=""),"",$R12+$N12-1) | U12: =IF(OR($A12="",$Q12=""),"",IFERROR($Q12/12,0)) | V12: =IF($A12="","",IF($N12=12,"Engagement 12 ans",IF($N12=9,"Engagement 9 ans","Engagement 6 ans")))
K13: =IF(OR($A13="",$I13="",$L13=""),"",MIN($I13,'Paramètres'!$D$2,$L13*'Paramètres'!$D$3)) | O13: =IF($A13="","",IFERROR(VLOOKUP($N13,'Paramètres'!$A$2:$B$4,2,FALSE),0)) | P13: =IF(OR($A13="",$K13="",$O13=""),"",$K13*$O13) | Q13: =IF(OR($A13="",$P13="",$N13=""),"",IFERROR($P13/$N13,0)) | S13: =IF(OR($A13="",$R13="",$N13=""),"",$R13+$N13-1) | U13: =IF(OR($A13="",$Q13=""),"",IFERROR($Q13/12,0)) | V13: =IF($A13="","",IF($N13=12,"Engagement 12 ans",IF($N13=9,"Engagement 9 ans","Engagement 6 ans")))
K14: =IF(OR($A14="",$I14="",$L14=""),"",MIN($I14,'Paramètres'!$D$2,$L14*'Paramètres'!$D$3)) | O14: =IF($A14="","",IFERROR(VLOOKUP($N14,'Paramètres'!$A$2:$B$4,2,FALSE),0)) | P14: =IF(OR($A14="",$K14="",$O14=""),"",$K14*$O14) | Q14: =IF(OR($A14="",$P14="",$N14=""),"",IFERROR($P14/$N14,0)) | S14: =IF(OR($A14="",$R14="",$N14=""),"",$R14+$N14-1) | U14: =IF(OR($A14="",$Q14=""),"",IFERROR($Q14/12,0)) | V14: =IF($A14="","",IF($N14=12,"Engagement 12 ans",IF($N14=9,"Engagement 9 ans","Engagement 6 ans")))
K15: =IF(OR($A15="",$I15="",$L15=""),"",MIN($I15,'Paramètres'!$D$2,$L15*'Paramètres'!$D$3)) | O15: =IF($A15="","",IFERROR(VLOOKUP($N15,'Paramètres'!$A$2:$B$4,2,FALSE),0)) | P15: =IF(OR($A15="",$K15="",$O15=""),"",$K15*$O15) | Q15: =IF(OR($A15="",$P15="",$N15=""),"",IFERROR($P15/$N15,0)) | S15: =IF(OR($A15="",$R15="",$N15=""),"",$R15+$N15-1) | U15: =IF(OR($A15="",$Q15=""),"",IFERROR($Q15/12,0)) | V15: =IF($A15="","",IF($N15=12,"Engagement 12 ans",IF($N15=9,"Engagement 9 ans","Engagement 6 ans")))
K16: =IF(OR($A16="",$I16="",$L16=""),"",MIN($I16,'Paramètres'!$D$2,$L16*'Paramètres'!$D$3)) | O16: =IF($A16="","",IFERROR(VLOOKUP($N16,'Paramètres'!$A$2:$B$4,2,FALSE),0)) | P16: =IF(OR($A16="",$K16="",$O16=""),"",$K16*$O16) | Q16: =IF(OR($A16="",$P16="",$N16=""),"",IFERROR($P16/$N16,0)) | S16: =IF(OR($A16="",$R16="",$N16=""),"",$R16+$N16-1) | U16: =IF(OR($A16="",$Q16=""),"",IFERROR($Q16/12,0)) | V16: =IF($A16="","",IF($N16=12,"Engagement 12 ans",IF($N16=9,"Engagement 9 ans","Engagement 6 ans")))
K17: =IF(OR($A17="",$I17="",$L17=""),"",MIN($I17,'Paramètres'!$D$2,$L17*'Paramètres'!$D$3)) | O17: =IF($A17="","",IFERROR(VLOOKUP($N17,'Paramètres'!$A$2:$B$4,2,FALSE),0)) | P17: =IF(OR($A17="",$K17="",$O17=""),"",$K17*$O17) | Q17: =IF(OR($A17="",$P17="",$N17=""),"",IFERROR($P17/$N17,0)) | S17: =IF(OR($A17="",$R17="",$N17=""),"",$R17+$N17-1) | U17: =IF(OR($A17="",$Q17=""),"",IFERROR($Q17/12,0)) | V17: =IF($A17="","",IF($N17=12,"Engagement 12 ans",IF($N17=9,"Engagement 9 ans","Engagement 6 ans")))
K18: =IF(OR($A18="",$I18="",$L18=""),"",MIN($I18,'Paramètres'!$D$2,$L18*'Paramètres'!$D$3)) | O18: =IF($A18="","",IFERROR(VLOOKUP($N18,'Paramètres'!$A$2:$B$4,2,FALSE),0)) | P18: =IF(OR($A18="",$K18="",$O18=""),"",$K18*$O18) | Q18: =IF(OR($A18="",$P18="",$N18=""),"",IFERROR($P18/$N18,0)) | S18: =IF(OR($A18="",$R18="",$N18=""),"",$R18+$N18-1) | U18: =IF(OR($A18="",$Q18=""),"",IFERROR($Q18/12,0)) | V18: =IF($A18="","",IF($N18=12,"Engagement 12 ans",IF($N18=9,"Engagement 9 ans","Engagement 6 ans")))
K19: =IF(OR($A19="",$I19="",$L19=""),"",MIN($I19,'Paramètres'!$D$2,$L19*'Paramètres'!$D$3)) | O19: =IF($A19="","",IFERROR(VLOOKUP($N19,'Paramètres'!$A$2:$B$4,2,FALSE),0)) | P19: =IF(OR($A19="",$K19="",$O19=""),"",$K19*$O19) | Q19: =IF(OR($A19="",$P19="",$N19=""),"",IFERROR($P19/$N19,0)) | S19: =IF(OR($A19="",$R19="",$N19=""),"",$R19+$N19-1) | U19: =IF(OR($A19="",$Q19=""),"",IFERROR($Q19/12,0)) | V19: =IF($A19="","",IF($N19=12,"Engagement 12 ans",IF($N19=9,"Engagement 9 ans","Engagement 6 ans")))
K20: =IF(OR($A20="",$I20="",$L20=""),"",MIN($I20,'Paramètres'!$D$2,$L20*'Paramètres'!$D$3)) | O20: =IF($A20="","",IFERROR(VLOOKUP($N20,'Paramètres'!$A$2:$B$4,2,FALSE),0)) | P20: =IF(OR($A20="",$K20="",$O20=""),"",$K20*$O20) | Q20: =IF(OR($A20="",$P20="",$N20=""),"",IFERROR($P20/$N20,0)) | S20: =IF(OR($A20="",$R20="",$N20=""),"",$R20+$N20-1) | U20: =IF(OR($A20="",$Q20=""),"",IFERROR($Q20/12,0)) | V20: =IF($A20="","",IF($N20=12,"Engagement 12 ans",IF($N20=9,"Engagement 9 ans","Engagement 6 ans")))
K21: =IF(OR($A21="",$I21="",$L21=""),"",MIN($I21,'Paramètres'!$D$2,$L21*'Paramètres'!$D$3)) | O21: =IF($A21="","",IFERROR(VLOOKUP($N21,'Paramètres'!$A$2:$B$4,2,FALSE),0)) | P21: =IF(OR($A21="",$K21="",$O21=""),"",$K21*$O21) | Q21: =IF(OR($A21="",$P21="",$N21=""),"",IFERROR($P21/$N21,0)) | S21: =IF(OR($A21="",$R21="",$N21=""),"",$R21+$N21-1) | U21: =IF(OR($A21="",$Q21=""),"",IFERROR($Q21/12,0)) | V21: =IF($A21="","",IF($N21=12,"Engagement 12 ans",IF($N21=9,"Engagement 9 ans","Engagement 6 ans")))
K22: =IF(OR($A22="",$I22="",$L22=""),"",MIN($I22,'Paramètres'!$D$2,$L22*'Paramètres'!$D$3)) | O22: =IF($A22="","",IFERROR(VLOOKUP($N22,'Paramètres'!$A$2:$B$4,2,FALSE),0)) | P22: =IF(OR($A22="",$K22="",$O22=""),"",$K22*$O22) | Q22: =IF(OR($A22="",$P22="",$N22=""),"",IFERROR($P22/$N22,0)) | S22: =IF(OR($A22="",$R22="",$N22=""),"",$R22+$N22-1) | U22: =IF(OR($A22="",$Q22=""),"",IFERROR($Q22/12,0)) | V22: =IF($A22="","",IF($N22=12,"Engagement 12 ans",IF($N22=9,"Engagement 9 ans","Engagement 6 ans")))
K23: =IF(OR($A23="",$I23="",$L23=""),"",MIN($I23,'Paramètres'!$D$2,$L23*'Paramètres'!$D$3)) | O23: =IF($A23="","",IFERROR(VLOOKUP($N23,'Paramètres'!$A$2:$B$4,2,FALSE),0)) | P23: =IF(OR($A23="",$K23="",$O23=""),"",$K23*$O23) | Q23: =IF(OR($A23="",$P23="",$N23=""),"",IFERROR($P23/$N23,0)) | S23: =IF(OR($A23="",$R23="",$N23=""),"",$R23+$N23-1) | U23: =IF(OR($A23="",$Q23=""),"",IFERROR($Q23/12,0)) | V23: =IF($A23="","",IF($N23=12,"Engagement 12 ans",IF($N23=9,"Engagement 9 ans","Engagement 6 ans")))
... K103: =IF(OR($A103="",$I103="",$L103=""),"",MIN($I103,'Paramètres'!$D$2,$L103*'Paramètres'!$D$3)) | O103: =IF($A103="","",IFERROR(VLOOKUP($N103,'Paramètres'!$A$2:$B$4,2,FALSE),0)) | P103: =IF(OR($A103="",$K103="",$O103=""),"",$K103*$O103) | Q103: =IF(OR($A103="",$P103="",$N103=""),"",IFERROR($P103/$N103,0)) | S103: =IF(OR($A103="",$R103="",$N103=""),"",$R103+$N103-1) | U103: =IF(OR($A103="",$Q103=""),"",IFERROR($Q103/12,0)) | V103: =IF($A103="","",IF($N103=12,"Engagement 12 ans",IF($N103=9,"Engagement 9 ans","Engagement 6 ans")))
A105: Totaux | I105: =SUM($I$4:$I$103) | J105: =SUM($J$4:$J$103) | K105: =SUM($K$4:$K$103) | P105: =SUM($P$4:$P$103) | Q105: =SUM($Q$4:$Q$103)
A106: Moyennes | I106: =IFERROR(AVERAGE($I$4:$I$103),0) | P106: =IFERROR(AVERAGE($P$4:$P$103),0) | Q106: =IFERROR(AVERAGE($Q$4:$Q$103),0)
A107: Engagements 6 ans | N107: =COUNTIF($N$4:$N$103,6)
A108: Engagements 9 ans | N108: =COUNTIF($N$4:$N$103,9)
A109: Engagements 12 ans | N109: =COUNTIF($N$4:$N$103,12)

Sheet Simulation annuelle
A1: Suivi annuel des réductions Pinel
A2: Réduction déjà consommée : cumul théorique simulé à la fin de chaque année fiscale.
A3: Année fiscale | B3: Nombre d'investissements actifs | C3: Base fiscale totale | D3: Réduction Pinel théorique | E3: Réduction déjà consommée | F3: Réduction restante | G3: Réduction moyenne par investissement | H3: Taux d'utilisation de l'enveloppe | I3: Alerte
A4: 2026 | B4: =COUNTIF('Investissements'!$R$4:$R$103,"<="&$A4)-COUNTIF('Investissements'!$S$4:$S$103,"<"&$A4) | C4: =IF($B4=0,"",SUMIFS('Investissements'!$K$4:$K$103,'Investissements'!$R$4:$R$103,"<="&$A4,'Investissements'!$S$4:$S$103,">="&$A4)) | D4: =IF($B4=0,"",SUMIFS('Investissements'!$Q$4:$Q$103,'Investissements'!$R$4:$R$103,"<="&$A4,'Investissements'!$S$4:$S$103,">="&$A4)) | E4: =IF($A4="","",SUM($D$4:D4)) | F4: =IF($A4="","",MAX(0,SUM('Investissements'!$P$4:$P$103)-$E4)) | G4: =IF($B4=0,"",IFERROR($D4/$B4,0)) | H4: =IF($A4="","",IFERROR($E4/SUM('Investissements'!$P$4:$P$103),0)) | I4: =IF($A4="","",IF($F4=0,"Terminé","À déclarer / à vérifier"))
A5: 2027 | B5: =COUNTIF('Investissements'!$R$4:$R$103,"<="&$A5)-COUNTIF('Investissements'!$S$4:$S$103,"<"&$A5) | C5: =IF($B5=0,"",SUMIFS('Investissements'!$K$4:$K$103,'Investissements'!$R$4:$R$103,"<="&$A5,'Investissements'!$S$4:$S$103,">="&$A5)) | D5: =IF($B5=0,"",SUMIFS('Investissements'!$Q$4:$Q$103,'Investissements'!$R$4:$R$103,"<="&$A5,'Investissements'!$S$4:$S$103,">="&$A5)) | E5: =IF($A5="","",SUM($D$4:D5)) | F5: =IF($A5="","",MAX(0,SUM('Investissements'!$P$4:$P$103)-$E5)) | G5: =IF($B5=0,"",IFERROR($D5/$B5,0)) | H5: =IF($A5="","",IFERROR($E5/SUM('Investissements'!$P$4:$P$103),0)) | I5: =IF($A5="","",IF($F5=0,"Terminé","À déclarer / à vérifier"))
A6: 2028 | B6: =COUNTIF('Investissements'!$R$4:$R$103,"<="&$A6)-COUNTIF('Investissements'!$S$4:$S$103,"<"&$A6) | C6: =IF($B6=0,"",SUMIFS('Investissements'!$K$4:$K$103,'Investissements'!$R$4:$R$103,"<="&$A6,'Investissements'!$S$4:$S$103,">="&$A6)) | D6: =IF($B6=0,"",SUMIFS('Investissements'!$Q$4:$Q$103,'Investissements'!$R$4:$R$103,"<="&$A6,'Investissements'!$S$4:$S$103,">="&$A6)) | E6: =IF($A6="","",SUM($D$4:D6)) | F6: =IF($A6="","",MAX(0,SUM('Investissements'!$P$4:$P$103)-$E6)) | G6: =IF($B6=0,"",IFERROR($D6/$B6,0)) | H6: =IF($A6="","",IFERROR($E6/SUM('Investissements'!$P$4:$P$103),0)) | I6: =IF($A6="","",IF($F6=0,"Terminé","À déclarer / à vérifier"))
A7: 2029 | B7: =COUNTIF('Investissements'!$R$4:$R$103,"<="&$A7)-COUNTIF('Investissements'!$S$4:$S$103,"<"&$A7) | C7: =IF($B7=0,"",SUMIFS('Investissements'!$K$4:$K$103,'Investissements'!$R$4:$R$103,"<="&$A7,'Investissements'!$S$4:$S$103,">="&$A7)) | D7: =IF($B7=0,"",SUMIFS('Investissements'!$Q$4:$Q$103,'Investissements'!$R$4:$R$103,"<="&$A7,'Investissements'!$S$4:$S$103,">="&$A7)) | E7: =IF($A7="","",SUM($D$4:D7)) | F7: =IF($A7="","",MAX(0,SUM('Investissements'!$P$4:$P$103)-$E7)) | G7: =IF($B7=0,"",IFERROR($D7/$B7,0)) | H7: =IF($A7="","",IFERROR($E7/SUM('Investissements'!$P$4:$P$103),0)) | I7: =IF($A7="","",IF($F7=0,"Terminé","À déclarer / à vérifier"))
A8: 2030 | B8: =COUNTIF('Investissements'!$R$4:$R$103,"<="&$A8)-COUNTIF('Investissements'!$S$4:$S$103,"<"&$A8) | C8: =IF($B8=0,"",SUMIFS('Investissements'!$K$4:$K$103,'Investissements'!$R$4:$R$103,"<="&$A8,'Investissements'!$S$4:$S$103,">="&$A8)) | D8: =IF($B8=0,"",SUMIFS('Investissements'!$Q$4:$Q$103,'Investissements'!$R$4:$R$103,"<="&$A8,'Investissements'!$S$4:$S$103,">="&$A8)) | E8: =IF($A8="","",SUM($D$4:D8)) | F8: =IF($A8="","",MAX(0,SUM('Investissements'!$P$4:$P$103)-$E8)) | G8: =IF($B8=0,"",IFERROR($D8/$B8,0)) | H8: =IF($A8="","",IFERROR($E8/SUM('Investissements'!$P$4:$P$103),0)) | I8: =IF($A8="","",IF($F8=0,"Terminé","À déclarer / à vérifier"))
A9: 2031 | B9: =COUNTIF('Investissements'!$R$4:$R$103,"<="&$A9)-COUNTIF('Investissements'!$S$4:$S$103,"<"&$A9) | C9: =IF($B9=0,"",SUMIFS('Investissements'!$K$4:$K$103,'Investissements'!$R$4:$R$103,"<="&$A9,'Investissements'!$S$4:$S$103,">="&$A9)) | D9: =IF($B9=0,"",SUMIFS('Investissements'!$Q$4:$Q$103,'Investissements'!$R$4:$R$103,"<="&$A9,'Investissements'!$S$4:$S$103,">="&$A9)) | E9: =IF($A9="","",SUM($D$4:D9)) | F9: =IF($A9="","",MAX(0,SUM('Investissements'!$P$4:$P$103)-$E9)) | G9: =IF($B9=0,"",IFERROR($D9/$B9,0)) | H9: =IF($A9="","",IFERROR($E9/SUM('Investissements'!$P$4:$P$103),0)) | I9: =IF($A9="","",IF($F9=0,"Terminé","À déclarer / à vérifier"))
A10: 2032 | B10: =COUNTIF('Investissements'!$R$4:$R$103,"<="&$A10)-COUNTIF('Investissements'!$S$4:$S$103,"<"&$A10) | C10: =IF($B10=0,"",SUMIFS('Investissements'!$K$4:$K$103,'Investissements'!$R$4:$R$103,"<="&$A10,'Investissements'!$S$4:$S$103,">="&$A10)) | D10: =IF($B10=0,"",SUMIFS('Investissements'!$Q$4:$Q$103,'Investissements'!$R$4:$R$103,"<="&$A10,'Investissements'!$S$4:$S$103,">="&$A10)) | E10: =IF($A10="","",SUM($D$4:D10)) | F10: =IF($A10="","",MAX(0,SUM('Investissements'!$P$4:$P$103)-$E10)) | G10: =IF($B10=0,"",IFERROR($D10/$B10,0)) | H10: =IF($A10="","",IFERROR($E10/SUM('Investissements'!$P$4:$P$103),0)) | I10: =IF($A10="","",IF($F10=0,"Terminé","À déclarer / à vérifier"))
A11: 2033 | B11: =COUNTIF('Investissements'!$R$4:$R$103,"<="&$A11)-COUNTIF('Investissements'!$S$4:$S$103,"<"&$A11) | C11: =IF($B11=0,"",SUMIFS('Investissements'!$K$4:$K$103,'Investissements'!$R$4:$R$103,"<="&$A11,'Investissements'!$S$4:$S$103,">="&$A11)) | D11: =IF($B11=0,"",SUMIFS('Investissements'!$Q$4:$Q$103,'Investissements'!$R$4:$R$103,"<="&$A11,'Investissements'!$S$4:$S$103,">="&$A11)) | E11: =IF($A11="","",SUM($D$4:D11)) | F11: =IF($A11="","",MAX(0,SUM('Investissements'!$P$4:$P$103)-$E11)) | G11: =IF($B11=0,"",IFERROR($D11/$B11,0)) | H11: =IF($A11="","",IFERROR($E11/SUM('Investissements'!$P$4:$P$103),0)) | I11: =IF($A11="","",IF($F11=0,"Terminé","À déclarer / à vérifier"))
A12: 2034 | B12: =COUNTIF('Investissements'!$R$4:$R$103,"<="&$A12)-COUNTIF('Investissements'!$S$4:$S$103,"<"&$A12) | C12: =IF($B12=0,"",SUMIFS('Investissements'!$K$4:$K$103,'Investissements'!$R$4:$R$103,"<="&$A12,'Investissements'!$S$4:$S$103,">="&$A12)) | D12: =IF($B12=0,"",SUMIFS('Investissements'!$Q$4:$Q$103,'Investissements'!$R$4:$R$103,"<="&$A12,'Investissements'!$S$4:$S$103,">="&$A12)) | E12: =IF($A12="","",SUM($D$4:D12)) | F12: =IF($A12="","",MAX(0,SUM('Investissements'!$P$4:$P$103)-$E12)) | G12: =IF($B12=0,"",IFERROR($D12/$B12,0)) | H12: =IF($A12="","",IFERROR($E12/SUM('Investissements'!$P$4:$P$103),0)) | I12: =IF($A12="","",IF($F12=0,"Terminé","À déclarer / à vérifier"))
A13: 2035 | B13: =COUNTIF('Investissements'!$R$4:$R$103,"<="&$A13)-COUNTIF('Investissements'!$S$4:$S$103,"<"&$A13) | C13: =IF($B13=0,"",SUMIFS('Investissements'!$K$4:$K$103,'Investissements'!$R$4:$R$103,"<="&$A13,'Investissements'!$S$4:$S$103,">="&$A13)) | D13: =IF($B13=0,"",SUMIFS('Investissements'!$Q$4:$Q$103,'Investissements'!$R$4:$R$103,"<="&$A13,'Investissements'!$S$4:$S$103,">="&$A13)) | E13: =IF($A13="","",SUM($D$4:D13)) | F13: =IF($A13="","",MAX(0,SUM('Investissements'!$P$4:$P$103)-$E13)) | G13: =IF($B13=0,"",IFERROR($D13/$B13,0)) | H13: =IF($A13="","",IFERROR($E13/SUM('Investissements'!$P$4:$P$103),0)) | I13: =IF($A13="","",IF($F13=0,"Terminé","À déclarer / à vérifier"))

Sheet Synthèse
A1: Synthèse de la simulation Pinel
A2: Tableau de bord indicatif : contrôlez les montants déclarés et les conditions propres à chaque investissement.
D3: Répartition des engagements
A4: Indicateur | B4: Valeur | D4: Durée d'engagement | E4: Nombre d'investissements
A5: Nombre total d'investissements | B5: =COUNTIF('Investissements'!$A$4:$A$103,"<>") | D5: 6 ans | E5: =COUNTIF('Investissements'!$N$4:$N$103,6)
A6: Prix total investi | B6: =SUM('Investissements'!$I$4:$I$103) | D6: 9 ans | E6: =COUNTIF('Investissements'!$N$4:$N$103,9)
A7: Base fiscale totale | B7: =SUM('Investissements'!$K$4:$K$103) | D7: 12 ans | E7: =COUNTIF('Investissements'!$N$4:$N$103,12)
A8: Réduction Pinel totale théorique | B8: =SUM('Investissements'!$P$4:$P$103)
A9: Réduction restante fin 2026 | B9: =SUM('Investissements'!$P$4:$P$103)-SUM('Simulation annuelle'!$E$4:$E$4)
A10: Réduction annuelle moyenne | B10: =IFERROR(AVERAGE('Investissements'!$Q$4:$Q$103),0)
A13: Note réglementaire
A14: La base de simulation est plafonnée par les paramètres éditables à 300 000 € et 5 500 €/m². Les taux, plafonds, dates et conditions doivent être vérifiés avec un professionnel.

Sheet Paramètres
A1: Durée d'engagement | B1: Taux global indicatif | C1: Paramètre | D1: Valeur | F1: Mode d'emploi
A2: 6 | B2: 0.12 | C2: Plafond de base indicatif | D2: 300000
A3: 9 | B3: 0.18 | C3: Plafond indicatif au m² | D3: 5500 | F3: 1. Saisissez ou remplacez les investissements dans la feuille Investissements, sur les lignes jaunes prévues jusqu'à la ligne 103.
A4: 12 | B4: 0.21 | F4: 2. Les colonnes Base éligible, taux, réductions et statut sont calculées automatiquement et restent vides tant qu'aucun investissement n'est renseigné.
F5: 3. Modifiez les taux et plafonds indicatifs de cette feuille uniquement après vérification des règles applicables à votre investissement.
F6: 4. La feuille Simulation annuelle présente les montants théoriques, le cumul simulé consommé et le solde restant jusqu'en 2035.
F7: 5. Le dispositif Pinel n'est plus ouvert aux nouveaux investissements ; ce classeur est destiné au suivi indicatif des dossiers existants.
F8: 6. Les exemples sont fictifs et datés de 2026. Conservez les justificatifs et rapprochez les montants de vos déclarations fiscales.
